Cogmind - Beta 11.1 @@@ ROGUE MODE // 2022.06.12 @ 17:20:57 Player: Cyurio Result: Destroyed by G-47 Trooper with Particle Gun Performance ------------- Evolutions (0) 0 Regions Visited (1) 200 Robots Destroyed (9) 45 Value Destroyed (300) 300 Prototype IDs (2) 40 Alien Tech Used (0) 0 Bonus (0) 0 TOTAL SCORE: 585 Bonus ------- None Cogmind --------- Core Integrity 0/250 Matter 290/300 Energy 246/250 System Corruption 0% Temperature Cool (9) Movement Walking (120) Location -10/Materials Parts ------- > --- POWER (1) -------- Ion Engine > --- PROPULSION (2) --- Aluminum Leg Aluminum Leg > --- UTILITY (2) ------ Small Storage Unit Signal Interpreter > --- WEAPON (2) ------- Mining Claw Mining Claw > --- INVENTORY (8) ---- Ion Engine Light Nuclear Core Aluminum Leg Large Storage Unit Assault Rifle Grenade Launcher Mining Claw Peak State ------------ > --- POWER ------------ Light Ion Engine > --- PROPULSION ------- Aluminum Leg Aluminum Leg > --- UTILITY ---------- Small Storage Unit Signal Interpreter > --- WEAPON ----------- Medium Laser Small Laser > --- INVENTORY -------- Ion Engine Ion Engine Light Nuclear Core Large Storage Unit Targeting Computer ECM Suite Assault Rifle Grenade Launcher [Rating: 8] Favorites ----------- Power Light Ion Engine Engine Light Ion Engine Propulsion Aluminum Leg Leg Aluminum Leg Utility Small Storage Unit Storage Small Storage Unit Processor Signal Interpreter Weapon Medium Laser Energy Gun Medium Laser Slashing Weapon Mining Claw Build | -11 -10 ------- Run | Scr Mat Slots Evolved . | . . Power . | . . Propulsion . | . . Utility . | . . Weapon . | . . Parts Attached 9 | . 9 Power 1 | . 1 Engine 1 | . 1 Core . | . . Reactor . | . . Propulsion 4 | . 4 Treads . | . . Leg 4 | . 4 Wheel . | . . Hover . | . . Flight . | . . Utility 2 | . 2 Device . | . . Storage 1 | . 1 Processor 1 | . 1 Hackware . | . . Protection . | . . Artifact . | . . Weapon 2 | . 2 Energy Gun . | . . Energy Cannon . | . . Ballistic Gun . | . . Ballistic Cannon . | . . Launcher . | . . Special Weapon . | . . Impact Weapon . | . . Slashing Weapon 2 | . 2 Piercing Weapon . | . . Special Melee Weapon . | . . Unidentified Prototypes . | . . Parts Lost 6 | . 6 Power 1 | . 1 Propulsion 3 | . 3 Utility . | . . Weapon 2 | . 2 Highest Loss Streak 5 | . 5 To Critical Strikes . | . . Average Slot Usage (%) 98 | . 98 Engine 14 | . 14 Leg 27 | . 27 Storage 14 | . 14 Processor 13 | . 13 Energy Gun 24 | . 24 Slashing Weapon 2 | . 2 Naked Turns . | . . Heaviest Build 14 | 11 14 Greatest Support 20 | 20 20 Greatest Overweight (x) 3 | . 3 Average Overweight (x) . | . . Largest Inventory Capacity 8 | . 8 Average Capacity 8 | . 8 Most Carried 8 | . 8 Average Carried 7 | . 7 Final Capacity 8 | 8 8 Final Carried 7 | 6 7 Class Distribution -------------------- 100% | Mutant Dominant Class ---------------- Mutant | -10/Materials Resources | -11 -10 ----------- Run | Scr Mat Matter Collected 253 | 175 78 Remotely . | . . Salvage Created 398 | . 398 Parts 20 | . 20 Haulers Intercepted 1 | . 1 Recyclers Shooed . | . . Parts Field Recycled . | . . Retrieved Matter . | . . Parts Self-Destructed . | . . Prevented . | . . Kills | -11 -10 ------- Run | Scr Mat Combat Hostiles Destroyed 8 | . 8 Melee 3 | . 3 Guns 5 | . 5 Classes Destroyed 2 | . 2 Hauler 1 | . 1 Grunt 8 | . 8 Best Kill Streak 3 | . 3 Combat Bots Only 3 | . 3 Max Kills in Single Turn 1 | . 1 Gunslinging . | . . Exploded . | . . Melee 1 | . 1 Uniques/NPCs Destroyed . | . . Combat | -11 -10 -------- Run | Scr Mat Damage Taken 877 | . 877 Core 255 | . 255 Absorbed by Shields . | . . Core Remaining (%) 100 | 100 . Volleys Fired 39 | . 39 Largest 2 | . 2 Hottest 90 | . 90 Shots Fired 72 | . 72 Gun 72 | . 72 Cannon . | . . Launcher . | . . Special . | . . Kinetic . | . . Thermal 72 | . 72 Explosive . | . . Electromagnetic . | . . Robot Hit Streak 10 | . 10 Robot Miss Streak 8 | . 8 Penetration Max . | . . Secondary Targets . | . . Shots Hit Robots 48 | . 48 Core Hits 19 | . 19 Critical Kills . | . . Critical Parts Destroyed . | . . Critical Strikes 4 | . 4 Burn 4 | . 4 Melee Attacks 11 | . 11 Impact . | . . Slashing 11 | . 11 Piercing . | . . Sneak Attacks . | . . Combat Hostiles . | . . Follow-up Attacks 1 | . 1 Damage Inflicted 671 | . 671 Guns 505 | . 505 Cannons . | . . Explosions . | . . Melee 163 | . 163 Ramming 3 | . 3 Kinetic . | . . Thermal 505 | . 505 Explosive . | . . Electromagnetic . | . . Impact . | . . Slashing 163 | . 163 Piercing . | . . Highest Corruption . | . . Average Corruption . | . . Corruption Purged . | . . Corruption Blocked . | . . Overload Shots . | . . Overflow Damage . | . . Projectiles . | . . Explosions . | . . Melee . | . . Knockbacks . | . . Impact . | . . Kinetic . | . . Secondary . | . . Self-Inflicted Damage . | . . Shots . | . . Rammed . | . . Targets Rammed 1 | . 1 Kicked 1 | . 1 Crushed . | . . Highest Temperature 390 | . 390 Average Temperature 118 | . 118 Received Heat Transfer 498 | . 498 Effects 1 | . 1 Interference 1 | . 1 Siege Activations . | . . Robots Corrupted . | . . Combat Hostiles . | . . Parts Fried . | . . Impact Corruptions . | . . Robots Melted . | . . Combat Hostiles . | . . Parts Melted 4 | . 4 Heat Transferred 1622 | . 1622 Parts Sabotaged . | . . Parts Stolen . | . . Parts Stripped . | . . Power Chain Reactions . | . . Missiles Intercepted . | . . Alert | -11 -10 ------- Run | Scr Mat Peak Influence 164 | . 164 Initial . | . . Average 60 | . 60 Maximum Alert Level . | . . Low Security (%) 100 | . 100 Level 1 . | . . Level 2 . | . . Level 3 . | . . Level 4 . | . . Level 5 . | . . High Security . | . . Max Security . | . . Squads Dispatched 1 | . 1 Investigation 1 | . 1 Extermination . | . . Reinforcement . | . . Assault . | . . Garrison . | . . Intercept . | . . Searches Triggered . | . . Construction Impeded . | . . Haulers Reinforced . | . . Active Scanning Responses . | . . Cargo Convoy Interrupts . | . . Stealth | -11 -10 --------- Run | Scr Mat Distress Signals 1 | . 1 Communications Jammed . | . . Distress Signals . | . . Times Spotted 19 | . 19 Peak Tracking Total 4 | . 4 Tactical Retreats 1 | . 1 Traps | -11 -10 ------- Run | Scr Mat Traps Triggered 2 | . 2 Indirectly . | . . Trap Hack Attempts . | . . Triggered . | . . Disarmed . | . . Reprogrammed . | . . Reused . | . . Traps Extracted . | . . Installed . | . . Triggered . | . . Machines | -11 -10 ---------- Run | Scr Mat Machines Disabled . | . . Max in Single Turn . | . . Machines Sabotaged . | . . Garrisons Compromised . | . . Overloaded Fab Kills . | . . Hacking | -11 -10 --------- Run | Scr Mat Machines Accessed 6 | . 6 Terminals 5 | . 5 Fabricators . | . . Repair Stations . | . . Recycling Units 1 | . 1 Scanalyzers . | . . Garrison Access . | . . Total Hacks 20 | . 20 Successful 9 | . 9 Failed 10 | . 10 Catastrophic . | . . Database Lockouts 1 | . 1 Manual 6 | . 6 Terminals 19 | . 19 Fabricators . | . . Repair Stations . | . . Recycling Units 1 | . 1 Scanalyzers . | . . Garrison Access . | . . Terminal Hacks 8 | . 8 Record 4 | . 4 Prototype ID Bank 1 | . 1 Emergency Access Points 1 | . 1 Transport Status 1 | . 1 Zone Layout 1 | . 1 Fabricator Hacks . | . . Repair Station Hacks . | . . Recycling Unit Hacks 1 | . 1 Report Inventory 1 | . 1 Scanalyzer . | . . Garrison Access Hacks . | . . Unauthorized Hacks . | . . Terminals . | . . Fabricators . | . . Repair Stations . | . . Recycling Units . | . . Scanalyzers . | . . Garrison Access . | . . Data Cores Recovered . | . . Used . | . . Hacking Detections 4 | . 4 Full Trace Events . | . . Feedback Events . | . . Feedback Blocked . | . . Robot Schematics Acquired . | . . Robots Built . | . . Authchips . | . . Time . | . . Total Robot Build Rating . | . . Part Schematics Acquired . | . . Parts Built . | . . Authchips . | . . Time . | . . Total Part Build Rating . | . . Parts Repaired . | . . Time . | . . Parts Recycled . | . . Recycled Matter . | . . Retrieved Matter . | . . Retrieved Components . | . . Parts Scanalyzed . | . . Part Schematics Acquired . | . . Parts Damaged . | . . Bothacking | -11 -10 ------------ Run | Scr Mat Used RIF Installer . | . . Robots Hacked . | . . Non-combat . | . . Combat . | . . Robot Hacks Applied . | . . Relay Couplers Released . | . . Fabnet Peak Effective % . | . . Robots Rewired . | . . Allies Hacked . | . . Hacks Repelled . | . . Allies | -11 -10 -------- Run | Scr Mat Total Allies . | . . Largest Group . | . . Highest-Rated Group . | . . Highest-Rated Ally . | . . Total Orders . | . . Ally Attacks . | . . Total Damage . | . . Kills . | . . Allies Corrupted . | . . Allies Melted . | . . Intel | -11 -10 ------- Run | Scr Mat Robot Analysis Total . | . . Derelict Logs Recovered . | . . Drone Launches . | . . Drone Recoveries . | . . Exploration | -11 -10 ------------- Run | Scr Mat Turns Passed 1158 | . 1158 Spaces Moved 760 | 1 759 Core 1 | . 1 Treads . | . . Legs 759 | 1 758 Wheels . | . . Hover . | . . Flight . | . . Fastest Speed 120 | 120 120 Average Speed 120 | 120 120 Slowest Speed 200 | 120 200 Overloaded Moves . | . . Propulsion Burnouts . | . . Robots Hopped . | . . Cave-ins Triggered . | . . Exploration Rate (%) 47 | 2 93 Regions Visited 1 Branch Regions . Pre-discovered Areas . | . . Known Exits Taken . | . . Unknown Exits Taken 1 | 1 . Scrap Searched . | . . Spaces Dug . | . . Terrain Destroyed . | . . Melee . | . . Projectile . | . . AOE . | . . Terrain Rammed . | . . Walls Destroyed . | . . Machines Disabled . | . . Actions | -11 -10 --------- Run | Scr Mat Total 913 | . 913 Wait 69 | . 69 Move 759 | . 759 Hop . | . . Pick Up 14 | . 14 Fast Attach 4 | . 4 Attach 3 | . 3 Detach . | . . Swap 2 | . 2 Drop 12 | . 12 Fire 39 | . 39 Melee 10 | . 10 Ram . | . . Kick 1 | . 1 Crush . | . . Escape Stasis . | . . Rewire . | . . Trap . | . . Miscellaneous . | . . Route ------- -11/Scrapyard -10/Materials (discovered 4 exits: *Mat x3 / *Min) History --------- Turn | Location | Event 1 | -11/Scrapyard | Discovered new exit (range 0) 1 | -11/Scrapyard | Entered Materials 31 | -10/Materials | Discovered new exit (range 12) 47 | -10/Materials | Central database locked down 63 | -10/Materials | Identified exit to Mines 301 | -10/Materials | Build established: Mutant 334 | -10/Materials | Discovered new exit (range 16) 357 | -10/Materials | Identified exit to Materials 606 | -10/Materials | Discovered exit to Materials (range 4) 751 | -10/Materials | Discovered exit to Materials (range 15) 1028 | -10/Materials | Core integrity fell below 50% 1069 | -10/Materials | Lost 5 parts (1p2n2w) 1142 | -10/Materials | Core integrity fell below 20% 1159 | -10/Materials | Destroyed by G-47 Trooper with Particle Gun Last Messages --------------- 01052_ Acquired Broken Aluminum Leg. 01056_ Dropped Broken Aluminum Leg. 01057_ Acquired 35 matter. 01063_ Dropped Targeting Computer. 01066_ Acquired Aluminum Leg. 01067_ Acquired 8 matter. 01074_ Connecting with Terminal... >>Enumerate(Transport) Retrieving latest reported positions... Found 1 active transport squad. Downloaded coordinate data. 01074_ Dropped Imp. Heat Sink. 01080_ Acquired Broken Aluminum Leg. 01084_ Dropped Broken Aluminum Leg. 01088_ Acquired Aluminum Leg. 01093_ Acquired Mining Claw. 01130_ W-16 Scout sends out distress signal. 01142_ Mining Claw follow-up attack on G-47 Trooper. 01142_ Critical hit (Burn: +37). 01157_ Aluminum Leg destroyed. Map ----- +----------------------------------------------------+ | ????## ###?# #!! """ ######+###?? | | ?????# #?# %+ [ """# #?? | | ?????#!![[[[#?# %#% """""# """ #?? | | ?????#!![[[[#?# # """""# """ #?? | | ?????########?# # """ # """ #?? | | ??????????????# # # #?? | | ??????????????# ########## """ #?? | | ??????????????# #????????# """ #?? | | ??????????????# #####????????# """ #?? | | ??????????????# #????????????# #?? | | ??????????????# #??????????####+#######?? | | ??????######### ######?????# #????? | | ####### # # ####### ===#????? | | ## # # # = #????? | | ! ## + # # #####????? | | ###+###### # # """ ?????????? | | # ##### # # """ ?????????? | | [[ + * # ""# """ #????????? | | [[ # # T"# #????????? | | # !##### + ""# #????????? | | ## ##???# # # """ #????????? | | ####### #???## ###### """ #?????????? | | T # #???# ##### """ ###???????? | | !!/ ! # #???# ""#???????? | | ! # #???# T"#???????? | | ![==! # #???# ##### @ ""#???????? | | !%!** # #???######???## g ###???????? | | | %# #?????????????# m #?????????? | | ###+### ##????????????+ g"" #?????????? | | #????????????# T" #?????????? | | #????????????# "" #?????????? | | #????????????# #?????????? | | ####### #????????????# #?????????? | | #?????# #????????????###+## +?????????? | | #?????# < #?????????????????? #?????????? | | #?????# #??????????????????? #?????????? | | #?????#####???????????????????##?????????? | | #????????????????????????????????????????? | | #????????????????????????????????????????? | | #????????????????????????????????????????? | | ?????????????????????????????????????????? | | ?????????????????????????????????????????? | | ?????????????????????????????????????????? | | ?????????????????????????????????????????? | | ?????????????????????????????????????????? | | ?????????????????????????????????????????? | | | | | | | | | +----------------------------------------------------+ Best States ------------- Heat Dissipation 25 Energy Generation 10 Energy Capacity 250 Matter Stores 300 Matter Capacity 300 Sight Range 16 Terrain Scan Density 10 Evasion (%) 55 Item Schematics ----------------- None Robot Schematics ------------------ None Fabricated ------------ Nothing Alien Tech Used ----------------- None Achievements -------------- None Challenges ------------ None Game ------ Seed PotentialCoilCanceller Manual? 0 Play Time 00:10:53 Cumulative 35.1 hours Start 2022.06.12 @ 17:12:49 End 2022.06.12 @ 17:20:57 Sessions 1 Manual Loads 0 Difficulty Rogue Special Mode None Game No. 57 Rogue 57 Adventurer 0 Explorer 0 Win Type - Total 0 Types 0/0/0/0/0/0/0/0/0 Lore% 25 Gallery% 30 Achievement% 26 Wizard Run 0 Options --------- ASCII 0 Keyboard 1 Movement Vi Keybinds 0 Fullscreen 1 Font 24/Smallcaps Map View 76x50 Tactical HUD 1 Map Filters NONE Filters NONE Steam 1 RUN: 8ecc085d-55d1-4cb8-8cfc-0d8f5146931f